 Dungeon Crawl Stone Soup version 0.13.0-25-g43d4df3 (webtiles) character file.

91 Psiweapon the Shield-Bearer (level 4, 0/40 HPs)
             Began as a Minotaur Fighter on Oct 28, 2013.
             Slain by Menkaure (14 damage)
             ... on Level 4 of the Dungeon.
             The game lasted 00:10:53 (1824 turns).

Psiweapon the Shield-Bearer (Minotaur Fighter)      Turns: 1824, Time: 00:10:53

HP   0/40        AC  8     Str 20      XL: 4   Next: 24%
MP   1/1         EV 11     Int  5      God:
Gold 7           SH 19     Dex  9      Spells:  0 memorised,  3 levels left

Res.Fire  : . . .   See Invis. : +   a - +0 hand axe {=f}
Res.Cold  : . . .   Warding    : .   b - +0 scale mail
Life Prot.: . . .   Conserve   : .   c - +0 shield
Res.Poison: .       Res.Corr.  : .   (helmet restricted)
Res.Elec. : .       Clarity    : .   (no cloak)
Sust.Abil.: . .     Spirit.Shd : .   (no gloves)
Res.Mut.  : .       Stasis     : .   (no boots)
Res.Rott. : .       Flight     : .   (no amulet)
Saprovore : . . .                    (no ring)
                                     m - +4 ring of evasion

@: slightly resistant to hostile enchantments, extremely unstealthy
A: retaliatory headbutt, horns 2, see invisible, AC +1, Str -2
a: no special abilities


You were on level 4 of the Dungeon.
You were not hungry.

You visited 1 branch of the dungeon, and saw 4 of its levels.

You collected 137 gold pieces.
You spent 150 gold pieces at shops.

Inventory:

Hand weapons
 a - a +0,+0 hand axe (weapon) {=f}
 i - a +2,+2 dwarven dagger (quivered)
 s - a +2,+3 whip of draining
 t - a +1,+1 short sword of venom
Missiles
 e - 8 arrows of flame
 f - 13 poisoned needles
 l - 2 throwing nets
 x - 7 poisoned javelins
Armour
 b - a +0 scale mail (worn)
 c - a +0 shield (worn)
Magical devices
 u - a wand of confusion (15)
Comestibles
 d - 3 bread rations
 g - a meat ration
 k - a chunk of goblin flesh
 p - 6 strawberries
 v - a rotting chunk of adder flesh
 w - a chunk of orc flesh
 z - a choko
 C - 2 chunks of hobgoblin flesh
Scrolls
 j - 3 scrolls of identify
 q - a scroll of remove curse {unknown}
 y - a scroll of random uselessness
 B - a scroll of enchant armour {unknown}
 D - a scroll of noise {unknown}
 E - a scroll of enchant weapon II
Jewellery
 m - a +4 ring of evasion (left hand)
Potions
 h - 2 potions of might
 o - 3 potions of curing
 r - a potion of brilliance
 A - a potion of heal wounds
Books
 n - a book of Wizardry

   Spells                             Type                      Level
   Summon Elemental                   Summoning                    4
   Agony                              Necromancy                   5
   Force Lance                        Conjuration                  5
   Fireball                           Conjuration/Fire             5
   Haste                              Charms                       6
   Invisibility                       Hexes                        6


   Skills:
 + Level 4.1 Fighting
 - Level 0.2 Short Blades
 - Level 3.0 Axes
 + Level 1.0 Maces & Flails
 + Level 4.4 Armour
 + Level 4.6 Shields


You had 3 spell levels left.
You didn't know any spells.

Dungeon Overview and Level Annotations

Branches:
Dungeon (4/27)
 Temple: D:4-7

Altars:

Shops:
D:4 !

Annotations:
D:4 Menkaure


Innate Abilities, Weirdness & Mutations

You reflexively headbutt those who attack you in melee.
You have a pair of horns on your head.
You have supernaturally acute eyesight.
You are covered in fur (AC +1).
You are weak. (Str -2)


Message History

A kobold comes into view.
There is an open door here.
Wield which item (- for none, * to show all)? (? for menu, Esc to quit)
a - a +0,+0 hand axe (weapon)
{=f} Evoke which item? (* to show all) (? for menu, Esc to quit)
Zapping:
u - a wand of confusion {zapped: 1}
Press: ? - help, Shift-Dir - straight line, f - Menkaure
Aim: Menkaure (moving very quickly) Menkaure struggles to resist.
Menkaure calls on the powers of darkness!
Your body is wracked with pain!
Menkaure gestures at you while chanting.
Pain shoots through your body!
Evoke which item? (* to show all) (? for menu, Esc to quit)
Zapping:
u - a wand of confusion {zapped: 2}
Press: ? - help, Shift-Dir - straight line, f/p - Menkaure
Aim: Menkaure (moving very quickly) Menkaure appears confused.
Menkaure hits you!
You die...

*** ***+*** *,* **,* *,,*
****** ### ####+###### *,,,
* ..# #.........# *,,,,*
..######.........#### *,,,,*
..#....'........M'K.#**,,,,*
....####........@##..#*,,,,*
..### #.........#*#....,,,*
..# #.........# *###MK.,*
.## #.........# *,..,* .#
#.........# *,,,,* ##
######+#### *,,,,* # *,*
****,*** # *, *,,,,* # **,*
**+********


You could see Menkaure (confused) and a kobold.

Vanquished Creatures
  3 adders
  A worm (D:3)
  3 giant geckos
  3 orcs
  6 bats
  2 giant cockroaches
  8 goblins
  4 hobgoblins
  3 jackals (D:3)
  5 kobolds
  An orc wizard (D:4)
  A quokka (D:2)
  A ball python (D:3)
  2 giant newts (D:1)
  8 rats
  A rat skeleton (D:3)
52 creatures vanquished.

Notes
Turn   | Place    | Note
--------------------------------------------------------------
     0 | D:1      | Psiweapon, the Minotaur Fighter, began the quest for the Orb.
     0 | D:1      | Reached XP level 1. HP: 19/19 MP: 0/0
   117 | D:1      | Reached XP level 2. HP: 17/26 MP: 0/0
   494 | D:1      | Reached skill level 4 in Shields
   790 | D:2      | Reached XP level 3. HP: 21/33 MP: 1/1
  1571 | D:3      | Reached XP level 4. HP: 40/40 MP: 1/1
  1685 | D:4      | Found Abluef's Distillery.
  1688 | D:4      | Bought a potion of might for 30 gold pieces
  1688 | D:4      | Bought a potion of heal wounds for 36 gold pieces
  1688 | D:4      | Bought a potion of curing for 24 gold pieces
  1688 | D:4      | Bought a potion of paralysis for 12 gold pieces
  1688 | D:4      | Bought a potion of mutation for 36 gold pieces
  1688 | D:4      | Bought a potion of poison for 12 gold pieces
  1696 | D:4      | Gained mutation: You have supernaturally acute eyesight. [potion of mutation]
  1696 | D:4      | Gained mutation: You are weak. (Str -2) [potion of mutation]
  1696 | D:4      | Gained mutation: You are covered in fur (AC +1). [potion of mutation]
  1742 | D:4      | Reached skill level 1 in Maces & Flails
  1813 | D:4      | Noticed Menkaure
  1824 | D:4      | Slain by Menkaure

Action                   |  1- 3 |  4- 6 || total
-------------------------+-------+-------++-------
Melee: Hand axe          |    72 |       ||    72
       Whip              |    28 |    14 ||    42
       Short sword       |    12 |       ||    12
Throw: Dagger            |     1 |       ||     1
Evoke: Wand              |       |     3 ||     3
  Use: Scroll            |       |     7 ||     7
       Potion            |       |     1 ||     1
